RABA
PHILADELPHIA (CL) PHILLIES @ CHICAGO (CL) CUBS
09/01/1911
 
TOP OF THE 1ST
Philadelphia (CL) Phillies batting - Pitching for Chicago (CL) Cubs : RHP Bob Gibson
Pitching: RHP Bob Gibson
Batting: SHB Jose B Reyes 0-0: Ball
1-0: SINGLE (Groundball, 5S, EV 64.4 MPH) (infield hit)
Batting: RHB Dave Cash 0-0: Ball
1-0: Ball
2-0: Foul Ball, location: 2F
2-1: Swinging Strike
2-2: SINGLE (Line Drive, 7S, EV 104.4 MPH)
Jose B Reyes to second
Batting: LHB Greasy Neale 0-0: Ball
1-0: Reached on error, E4 (Groundball, 4, EV 80.6 MPH)
Jose B Reyes to third
Dave Cash to second
Batting: LHB Len G Gabrielson 0-0: Ball
1-0: Foul Ball, location: 2F
1-1: Ball
2-1: Foul Ball, location: 2F
2-2: Ball
3-2: Foul Ball, location: 2F
3-2: Fly out, F9 (Flyball, 9LS, EV 78.1 MPH)
Batting: LHB Al Wingo 0-0: Ball
1-0: Ball
2-0: Called Strike
2-1: Ball
3-1: Base on Balls
Jose B Reyes scores
Dave Cash to third
Greasy Neale to second
Batting: SHB Wilson Betemit 0-0: Ball
1-0: Called Strike
1-1: Swinging Strike
1-2: Ball
2-2: Ball
3-2: Fly out, F9 (Flyball, 9S, EV 83.8 MPH)
Batting: LHB Omar Moreno 0-0: Called Strike
0-1: SINGLE (Groundball, 4M, EV 103.1 MPH) (infield hit)
Dave Cash scores
Greasy Neale to third
Al Wingo to second
Batting: LHB Terry Kennedy 0-0: Ground out U3 (Groundball, 3, EV 105.0 MPH)
Top of the 1st over - 2 runs, 3 hits, 1 error, 3 left on base; Philadelphia (CL) 2 - Chicago (CL) 0
BOTTOM OF THE 1ST
Chicago (CL) Cubs batting - Pitching for Philadelphia (CL) Phillies : RHP Barney Wolfe
Pitching: RHP Barney Wolfe
Batting: LHB Bob Caruthers 0-0: Swinging Strike
0-1: Ball
1-1: Ball
2-1: Called Strike
2-2: Ball
3-2: Foul Ball, location: 2F
3-2: Base on Balls
Batting: LHB Mallex Smith 0-0: Ball
1-0: Ball
2-0: Foul Ball, location: 2F
2-1: TRIPLE (Flyball, 9LD, EV 106.9 MPH)
Bob Caruthers scores
Batting: LHB Wade Boggs 0-0: Called Strike
0-1: Ball
1-1: Ball
2-1: Reached on error, E3 (Groundball, 34, EV 99.4 MPH)
Mallex Smith scores
Batting: LHB Jesse Levan 0-0: Ball
1-0: Called Strike
1-1: Swinging Strike
1-2: Fly out, F8 (Line Drive, 8RM, EV 90.6 MPH)
Batting: LHB Nick Etten 0-0: Ball
1-0: Called Strike
1-1: Foul Ball, location: 2F
1-2: Foul Ball, location: 2F
1-2: Ground out 3-1 (Groundball, 34S, EV 81.3 MPH)
Wade Boggs to second
Batting: RHB Tony Piet 0-0: Foul Ball, location: 2F
0-1: Ball
1-1: Called Strike
1-2: Fly out, F4 (Flyball, 4D, EV 86.9 MPH)
Bottom of the 1st over - 2 runs, 1 hit, 1 error, 1 left on base; Philadelphia (CL) 2 - Chicago (CL) 2
TOP OF THE 2ND
Philadelphia (CL) Phillies batting - Pitching for Chicago (CL) Cubs : RHP Bob Gibson
Batting: RHB Barney Wolfe 0-0: Foul Ball, location: 2F
0-1: Swinging Strike
0-2: Ball
1-2: Ball
2-2: Foul Ball, location: 2F
2-2: Strikes out swinging wild pitch, reaches first!
Batting: SHB Jose B Reyes 0-0: Ball
1-0: Foul Ball, location: 2F
1-1: Foul Ball, location: 2F
1-2: Ball
2-2: Foul Ball, location: 2F
2-2: Fielders Choice at 2nd, 1-4 (Groundball, 15S, EV 70.0 MPH)
Batting: RHB Dave Cash 0-0: Called Strike
0-1: Grounds into double play, 6-4-3 (Groundball, 6, EV 82.5 MPH)
Top of the 2nd over - 0 runs, 0 hits, 0 errors, 0 left on base; Philadelphia (CL) 2 - Chicago (CL) 2
BOTTOM OF THE 2ND
Chicago (CL) Cubs batting - Pitching for Philadelphia (CL) Phillies : RHP Barney Wolfe
Batting: LHB Chad Tracy 0-0: Ball
1-0: Called Strike
1-1: Ball
2-1: Swinging Strike
2-2: Ball
3-2: Fly out, F5 (Popup, 5F, EV 73.8 MPH)
Batting: RHB Fred Carroll 0-0: Called Strike
0-1: Ball
1-1: Swinging Strike
1-2: Ball
2-2: Fly out, F8 (Line Drive, 8RD, EV 90.6 MPH)
Batting: RHB Bob Gibson 0-0: Ball
1-0: Foul Ball, location: 2F
1-1: Called Strike
1-2: Fly out, F3 (Popup, 3L, EV 80.0 MPH)
Bottom of the 2nd over - 0 runs, 0 hits, 0 errors, 0 left on base; Philadelphia (CL) 2 - Chicago (CL) 2
TOP OF THE 3RD
Philadelphia (CL) Phillies batting - Pitching for Chicago (CL) Cubs : RHP Bob Gibson
Batting: LHB Greasy Neale 0-0: Ball
1-0: Ball
2-0: Ground out 3-1 (Groundball, 34S, EV 85.6 MPH)
Batting: LHB Len G Gabrielson 0-0: Swinging Strike
0-1: Swinging Strike
0-2: Strikes out looking
Batting: LHB Al Wingo 0-0: Called Strike
0-1: Foul Ball, location: 2F
0-2: Fly out, F4 (Flyball, 3D, EV 78.1 MPH)
Top of the 3rd over - 0 runs, 0 hits, 0 errors, 0 left on base; Philadelphia (CL) 2 - Chicago (CL) 2
BOTTOM OF THE 3RD
Chicago (CL) Cubs batting - Pitching for Philadelphia (CL) Phillies : RHP Barney Wolfe
Batting: LHB Bob Caruthers 0-0: Ball
1-0: Called Strike
1-1: Swinging Strike
1-2: Fly out, F7 (Line Drive, 7D, EV 93.1 MPH)
Batting: LHB Mallex Smith 0-0: Fly out, F8 (Flyball, 8LM, EV 96.9 MPH)
Batting: LHB Wade Boggs 0-0: Ball
1-0: Foul Ball, location: 2F
1-1: SINGLE (Line Drive, 3L, EV 93.8 MPH)
Batting: LHB Jesse Levan 0-0: Ball
1-0: Fielders Choice at 2nd, 5-4 (Groundball, 56, EV 83.8 MPH)
Bottom of the 3rd over - 0 runs, 1 hit, 0 errors, 1 left on base; Philadelphia (CL) 2 - Chicago (CL) 2
TOP OF THE 4TH
Philadelphia (CL) Phillies batting - Pitching for Chicago (CL) Cubs : RHP Bob Gibson
Batting: SHB Wilson Betemit 0-0: Ball
1-0: Ground out 4-3 (Groundball, 4, EV 91.9 MPH)
Batting: LHB Omar Moreno 0-0: Ball
1-0: Ball
2-0: Ball
3-0: Base on Balls
Batting: LHB Terry Kennedy 0-0: Ball
Omar Moreno steals 2nd base
1-0: Swinging Strike
1-1: Foul Ball, location: 2F
1-2: Ground out 5-3 (Groundball, 56, EV 91.3 MPH)
Batting: RHB Barney Wolfe 0-0: Fly out, F8 (Flyball, 8RS, EV 78.8 MPH)
Top of the 4th over - 0 runs, 0 hits, 0 errors, 1 left on base; Philadelphia (CL) 2 - Chicago (CL) 2
BOTTOM OF THE 4TH
Chicago (CL) Cubs batting - Pitching for Philadelphia (CL) Phillies : RHP Barney Wolfe
Batting: LHB Nick Etten 0-0: Ground out U3 (Groundball, 34, EV 101.9 MPH)
Batting: RHB Tony Piet 0-0: Ground out 1-3 (Groundball, P, EV 70.6 MPH)
Batting: LHB Chad Tracy 0-0: Ball
1-0: Called Strike
1-1: SINGLE (Groundball, 4MD, EV 101.3 MPH)
Batting: RHB Fred Carroll 0-0: SINGLE (Line Drive, 9S, EV 92.5 MPH)
Chad Tracy to second
Runner from 2nd tries for 3rd, SAFE, no throw by RF
Batting: RHB Bob Gibson 0-0: Ball
1-0: Ground out 5-3 (Groundball, 56S, EV 85.0 MPH)
Bottom of the 4th over - 0 runs, 2 hits, 0 errors, 2 left on base; Philadelphia (CL) 2 - Chicago (CL) 2
TOP OF THE 5TH
Philadelphia (CL) Phillies batting - Pitching for Chicago (CL) Cubs : RHP Bob Gibson
Batting: SHB Jose B Reyes 0-0: Ball
1-0: Ball
2-0: Called Strike
2-1: Foul Ball, location: 2F
2-2: Foul Ball, location: 2F
2-2: Ball
3-2: Base on Balls
Batting: RHB Dave Cash 0-0: Ball
1-0: Called Strike
1-1: Ball
2-1: Swinging Strike
2-2: SINGLE (Groundball, 6MD, EV 95.0 MPH)
Jose B Reyes to second
Runner from 2nd tries for 3rd, SAFE, no throw by CF
Batting: LHB Greasy Neale 0-0: Swinging Strike
0-1: Called Strike
0-2: Ball
1-2: Foul Ball, location: 2F
1-2: Fly out, F7 (Line Drive, 7, EV 96.3 MPH)
Runner from 3rd tags up, SCORES, throw by LF
Batting: LHB Len G Gabrielson 0-0: Ball
1-0: Ball
2-0: Called Strike
2-1: Foul Ball, location: 2F
2-2: Foul Ball, location: 2F
2-2: SINGLE (Groundball, 4D, EV 95.6 MPH)
Dave Cash to second
Runner from 2nd tries for 3rd, SAFE, throw by RF made to third
Batting: LHB Al Wingo 0-0: Ball
1-0: Fielders Choice at 2nd, 4-6 (Groundball, 4, EV 105.0 MPH)
Dave Cash scores
Batting: SHB Wilson Betemit 0-0: Called Strike
0-1: Ball
1-1: Ball
2-1: SINGLE (Flyball, 9LM, EV 88.8 MPH)
Al Wingo to second
Runner from 2nd tries for 3rd, SAFE, no throw by RF
Batting: LHB Omar Moreno 0-0: Ground out 4-3 (Groundball, 4, EV 96.9 MPH)
Top of the 5th over - 2 runs, 3 hits, 0 errors, 2 left on base; Philadelphia (CL) 4 - Chicago (CL) 2
BOTTOM OF THE 5TH
Chicago (CL) Cubs batting - Pitching for Philadelphia (CL) Phillies : RHP Barney Wolfe
Batting: LHB Bob Caruthers 0-0: Ball
1-0: Foul Ball, location: 2F
1-1: Ball
2-1: Ground out U3 (Groundball, 3, EV 108.8 MPH)
Batting: LHB Mallex Smith 0-0: Foul Ball, location: 2F
0-1: Ball
1-1: Ball
2-1: Ground out 4-3 (Groundball, 4MS, EV 75.6 MPH)
Batting: LHB Wade Boggs 0-0: Ball
1-0: Foul Ball, location: 2F
1-1: Foul Ball, location: 2F
1-2: Ball
2-2: Ball
3-2: Ground out 6-3 (Groundball, 56, EV 83.1 MPH)
Bottom of the 5th over - 0 runs, 0 hits, 0 errors, 0 left on base; Philadelphia (CL) 4 - Chicago (CL) 2
TOP OF THE 6TH
Philadelphia (CL) Phillies batting - Pitching for Chicago (CL) Cubs : RHP Bob Gibson
Batting: LHB Terry Kennedy 0-0: Fly out, F9 (Flyball, 9LM, EV 103.8 MPH)
Batting: RHB Barney Wolfe 0-0: Fly out, F8 (Flyball, 8RS, EV 76.3 MPH)
Batting: SHB Jose B Reyes 0-0: Ball
1-0: Foul Ball, location: 2F
1-1: Ball
2-1: Foul Ball, location: 2F
2-2: Ball
3-2: Fly out, F9 (Flyball, 9LS, EV 98.1 MPH)
Top of the 6th over - 0 runs, 0 hits, 0 errors, 0 left on base; Philadelphia (CL) 4 - Chicago (CL) 2
BOTTOM OF THE 6TH
Chicago (CL) Cubs batting - Pitching for Philadelphia (CL) Phillies : RHP Barney Wolfe
Batting: LHB Jesse Levan 0-0: SINGLE (Groundball, 34D, EV 105.6 MPH)
Batting: LHB Nick Etten 0-0: Called Strike
0-1: Ball
1-1: Swinging Strike
1-2: Grounds into double play, 5-4-3 (Groundball, 5, EV 90.6 MPH)
Batting: RHB Tony Piet 0-0: Ball
1-0: Called Strike
1-1: Ball
2-1: DOUBLE (Flyball, 89XD, EV 100.0 MPH)
Batting: LHB Chad Tracy 0-0: Fly out, F9 (Line Drive, 9, EV 94.4 MPH)
Bottom of the 6th over - 0 runs, 2 hits, 0 errors, 1 left on base; Philadelphia (CL) 4 - Chicago (CL) 2
TOP OF THE 7TH
Philadelphia (CL) Phillies batting - Pitching for Chicago (CL) Cubs : RHP Bob Gibson
Batting: RHB Dave Cash 0-0: Called Strike
0-1: Swinging Strike
0-2: Ground out 6-3 (Groundball, 6, EV 86.3 MPH)
Batting: LHB Greasy Neale 0-0: Called Strike
0-1: Ball
1-1: Fly out, F9 (Flyball, 9, EV 91.9 MPH)
Batting: LHB Len G Gabrielson 0-0: SINGLE (Flyball, 78S, EV 93.8 MPH)
Batting: LHB Al Wingo Pickoff Throw to First - Out! 1-3
Top of the 7th over - 0 runs, 1 hit, 0 errors, 0 left on base; Philadelphia (CL) 4 - Chicago (CL) 2
BOTTOM OF THE 7TH
Chicago (CL) Cubs batting - Pitching for Philadelphia (CL) Phillies : RHP Barney Wolfe
Batting: RHB Fred Carroll 0-0: Called Strike
0-1: Swinging Strike
0-2: Ball
1-2: Ball
2-2: Ground out 6-3 (Groundball, 56, EV 80.0 MPH)
Batting: RHB Bob Gibson 0-0: Ball
1-0: Fly out, F4 (Popup, 34S, EV 81.9 MPH)
Batting: LHB Bob Caruthers 0-0: Called Strike
0-1: Ball
1-1: Ground out 6-3 (Groundball, 6, EV 91.3 MPH)
Bottom of the 7th over - 0 runs, 0 hits, 0 errors, 0 left on base; Philadelphia (CL) 4 - Chicago (CL) 2
TOP OF THE 8TH
Philadelphia (CL) Phillies batting - Pitching for Chicago (CL) Cubs : RHP Bob Gibson
Batting: LHB Al Wingo 0-0: Ball
1-0: Foul Ball, location: 2F
1-1: Ball
2-1: Ball
3-1: Base on Balls
Batting: SHB Wilson Betemit 0-0: Called Strike
0-1: Called Strike
0-2: Ground out 4-3 (Groundball, 34, EV 85.6 MPH)
Al Wingo to second
Batting: LHB Omar Moreno 0-0: Ball
1-0: DOUBLE (Flyball, 78D, EV 97.5 MPH)
Al Wingo scores
Pitching: RHP Luis Sanchez
Batting: LHB Terry Kennedy 0-0: Ball
1-0: Called Strike
Omar Moreno is caught stealing 3rd base 2-5
1-1: Ground out 1-3 (Groundball, 15S, EV 73.8 MPH)
Top of the 8th over - 1 run, 1 hit, 0 errors, 0 left on base; Philadelphia (CL) 5 - Chicago (CL) 2
BOTTOM OF THE 8TH
Chicago (CL) Cubs batting - Pitching for Philadelphia (CL) Phillies : RHP Barney Wolfe
Batting: LHB Mallex Smith 0-0: Called Strike
0-1: Foul Ball, location: 2F
0-2: Ball
1-2: Ground out 4-3 (Groundball, 4M, EV 81.3 MPH)
Batting: LHB Wade Boggs 0-0: Ball
1-0: Ball
2-0: Ball
3-0: Called Strike
3-1: Fly out, F9 (Line Drive, 9, EV 91.9 MPH)
Batting: LHB Jesse Levan 0-0: Ball
1-0: Ball
2-0: Swinging Strike
2-1: Ground out 5-3 (Groundball, 56, EV 83.1 MPH)
Bottom of the 8th over - 0 runs, 0 hits, 0 errors, 0 left on base; Philadelphia (CL) 5 - Chicago (CL) 2
TOP OF THE 9TH
Philadelphia (CL) Phillies batting - Pitching for Chicago (CL) Cubs : RHP Luis Sanchez
Pinch Hitting: RHB Bubbles Hargrave 0-0: Called Strike
0-1: Foul Ball, location: 2F
0-2: Ball
1-2: Ball
2-2: Fly out, F7 (Line Drive, 7D, EV 92.5 MPH)
Batting: SHB Jose B Reyes 0-0: Ball
1-0: Swinging Strike
1-1: Swinging Strike
1-2: Ball
2-2: Ground out 2-3 (Groundball, 2R, EV 66.3 MPH)
Batting: RHB Dave Cash 0-0: SINGLE (Line Drive, 89S, EV 94.4 MPH)
Batting: LHB Greasy Neale 0-0: Ball
1-0: SINGLE (Groundball, 56D, EV 103.1 MPH)
Dave Cash to second
Runner from 2nd tries for 3rd, OUT! 7-5
Top of the 9th over - 0 runs, 2 hits, 0 errors, 1 left on base; Philadelphia (CL) 5 - Chicago (CL) 2
BOTTOM OF THE 9TH
Chicago (CL) Cubs batting - Pitching for Philadelphia (CL) Phillies : RHP Barney Wolfe
Pitching: RHP Joba Chamberlain
Now in LF: Cesar Geronimo
Batting: LHB Nick Etten 0-0: Foul Ball, location: 2F
0-1: Ball
1-1: SINGLE (Flyball, 6D, EV 86.9 MPH)
Batting: RHB Tony Piet 0-0: Called Strike
0-1: Grounds into double play, 1-6-3 (Groundball, 13S, EV 60.6 MPH)
Batting: LHB Chad Tracy 0-0: Ball
1-0: Ball
2-0: Ball
3-0: Base on Balls
Batting: RHB Fred Carroll 0-0: Hit by Pitch
Chad Tracy to second
Saturday, September 5th, 2020 - OOTP Baseball 21.5 Build 76